 Dungeon Crawl Stone Soup version 0.31-a0-472-g43a2ca8e1b (webtiles) character file.

Game seed: 12128795527224786230

368 Ethylacetat the Changeling (level 6, -8/41 HPs)
             Began as an Octopode Shapeshifter on Aug 6, 2023.
             Mangled by a gnoll
             ... wielding a +0 spear
             ... led by a gnoll bouda
              (9 damage)
             ... on level 3 of the Dungeon.
             The game lasted 00:04:01 (2695 turns).

Ethylacetat the Changeling (Octopode Shapeshifter)  Turns: 2695, Time: 00:04:03

Health: -8/41      AC:  1    Str: 15    XL:     6   Next: 69%
Magic:  0/8        EV: 13    Int: 10    God:
Gold:   204        SH:  0    Dex: 14    Spells: 8/8 levels left

rFire   . . .        e - +1 dagger (venom)
rCold   . . .        (no shield)
rNeg    . . .        (helmet currently unavailable)
rPois   .            f - amulet of guardian spirit
rElec   .            (no ring)
rCorr   .            (no ring)
SInv    .            (no ring)
Will    +....        (no ring)
Stlth   ++           (no ring)
HPRegen 0.26/turn    (no ring)
MPRegen 0.11/turn    (no ring)
                     (no ring)

%: guardian spirit
@: beast-form, enlightened, flying
A: beast (slay +3), almost no armour, amphibious, 8 rings, camouflage 1,
gelatinous body 1, (nimble swimmer 1), tentacles
a: Begin Untransformation


You were on level 3 of the Dungeon.
You were a hulking beast.
You visited 1 branch of the dungeon, and saw 3 of its levels.
You also visited: Sewer.

You collected 204 gold pieces.

Inventory:

Hand Weapons
 e - a +1 dagger of venom (weapon)
 h - a +2 falchion of distortion
Jewellery
 f - an amulet of guardian spirit (around mantle)
Talismans
 b - a beast talisman (active)
Scrolls
 c - a scroll of brand weapon {unknown}
 g - a scroll of enchant weapon {unknown}
 i - 2 scrolls of acquirement {unknown}
 l - 2 scrolls of identify {unknown}
 m - 3 scrolls of torment {unknown}
 n - a scroll of blinking {unknown}
Potions
 a - a potion of lignification
 d - 2 potions of enlightenment
 j - 2 potions of curing {unknown}
 k - a potion of attraction {unknown}
 o - a potion of berserk rage {unknown}
 p - a potion of might {unknown}
 q - a potion of mutation {unknown}
 r - a potion of invisibility {unknown}


   Skills:
 + Level 2.9 Fighting
 - Level 2.0 Dodging
 + Level 4.2 Unarmed Combat
 + Level 1.8 Spellcasting
 * Level 4.7 Shapeshifting


You had 8 spell levels left.
You didn't know any spells.
Your spell library contained the following spells:

 Spells                   Type           Power      Damage    Failure   Level
 Slow                     Hex            0%         N/A       32%         1
 Poisonous Vapours        Pois/Air       0%         N/A       43%         2
 Confusing Touch          Hex            0%         N/A       67%         3
 Gell's Gravitas          Tloc           0%         N/A       67%         3
 Mephitic Cloud           Conj/Pois/Air  0%         N/A       67%         3
 Stone Arrow              Conj/Erth      0%         3d7       67%         3
 Teleport Other           Tloc           0%         N/A       67%         3
 Vampiric Draining        Necr           0%         2d6       67%         3
 Vhi's Electric Charge    Tloc/Air       0%         N/A       67%         3
 Arcjolt                  Conj/Air       0%         1d10      100%        5
 Freezing Cloud           Conj/Ice/Air   0%         6-21      100%        5
 Dispersal                Tloc           0%         N/A       100%        6
 Plasma Beam              Fire/Air       0%         2x1d10    100%        6
 Lehudib's Crystal Spear  Conj/Erth      0%         10d2      100%        8
 Animate Armour           Summ/Erth      Unusable   N/A       N/A         4

Dungeon Overview and Level Annotations

Branches:
Dungeon (3/15)              Sewer (visited)

Altars:
Makhleb
Wu Jian

Shops:
D:3 :


Innate Abilities, Weirdness & Mutations

You are a hulking beast.
Your limbs bulge with bestial killing power. (Slay +3)
You cannot wear most types of armour.
You are amphibious.
You can wear up to eight rings at the same time.
Your skin changes colour to match your surroundings (Stealth+).
Your rubbery body absorbs attacks. (AC +1, EV +1)
((You are camouflaged when in or above water. (Stealth+)))
You have tentacles for arms and can constrict up to eight enemies at once.


Message History

You constrict the gnoll. The gnoll closely misses you.
A gnoll comes into view. It is wielding a +0 spear.
The gnoll shouts!
You hit the gnoll but do no damage.
The gnoll looks as sick as possible!
The gnoll is severely wounded.
You constrict the gnoll.
You kill the gnoll!
You hear a shout!
A gnoll is nearby!
The gnoll hits you from afar with a +0 spear!
Things that are here:
a +0 flail; 9 stones; 10 gold pieces A gnoll is nearby!
You are too injured to fight recklessly!
You are too injured to fight recklessly!
You are too injured to fight recklessly!
A gnoll bouda comes into view. It is wielding a +0 whip.
The gnoll hits you with a +0 spear.
You hit the gnoll. Your grab misses the gnoll. Your squeeze misses the gnoll.
The gnoll is moderately wounded.
The gnoll bouda barks out a call to the hunt!
The gnoll picks up the pace!
The gnoll hits you with a +0 spear.
* * * LOW HITPOINT WARNING * * *
You hit the gnoll.
The gnoll is poisoned.
Your grab misses the gnoll.
The gnoll is severely wounded.
The gnoll misses you.
You barely miss the gnoll bouda. You grab the gnoll bouda.
You squeeze the gnoll bouda!
The gnoll bouda is heavily wounded.
You constrict the gnoll bouda, but do no damage.
The gnoll hits you from afar with a +0 spear.
* * * LOW HITPOINT WARNING * * *
It was a potion of enlightenment.
You feel very buoyant.
You fly up into the air.
You constrict the gnoll bouda.
The gnoll bouda hits you with a +0 whip.
* * * LOW HITPOINT WARNING * * *
The gnoll hits you from afar with a +0 spear!
You die...

#.#..8 #..#. #.#..
#..#. #.#.# #....
###.#.####### #
##.#.
#...........#.###
#.#
#######.#.###... #.
#......#.#... # .
#.######.#.######g#
##
#............))hg.#
########.#.######.#
#.#.# # #....
###... #####


You could see a gnoll bouda and a gnoll (swift, very poisoned).

Vanquished Creatures
  2 bullfrogs (Sewer)
  Terence (D:2)
  3 gnolls
  5 adders
  2 river rats (Sewer)
  2 worms
  2 dart slugs (D:2)
  2 orcs (D:3)
  9 endoplasms
  9 giant cockroaches
  2 goblins (D:1)
  3 hobgoblins
  7 kobolds
  3 quokkas
  23 ball pythons
  9 bats
  4 frilled lizards
  31 rats
119 creatures vanquished.

Notes
Turn   | Place    | Note
-------+----------+-------------------------------------------
     0 | D:1      | Ethylacetat the Octopode Shapeshifter began the quest for
                  | the Orb.
     0 | D:1      | Reached XP level 1. HP: 13/13 MP: 1/1
    61 | D:1      | Reached XP level 2. HP: 18/18 MP: 2/2
   519 | D:1      | Reached XP level 3. HP: 14/23 MP: 1/3
  1099 | D:2      | Reached XP level 4. HP: 29/29 MP: 4/4
  1509 | D:2      | Noticed Terence
  1519 | D:2      | Killed Terence
  1725 | D:3      | Found a burning altar of Makhleb.
  1771 | D:3      | Found Riogegir's Vocational Training.
  1800 | D:3      | Reached XP level 5. HP: 31/34 MP: 4/6
  1851 | D:3      | Found an ornate altar of the Wu Jian Council.
  1894 | D:3      | Found a glowing drain.
  1910 | Sewer    | Entered a sewer
  1979 | Sewer    | Reached skill level 1 in Spellcasting
  2258 | Sewer    | Reached XP level 6. HP: 31/41 MP: 2/8
  2416 | D:3      | Found a faded altar of an unknown god.
  2695 | D:3      | HP: 1/41 [gnoll bouda/+0 whip (4)]
  2695 | D:3      | Mangled by a gnoll

Illustrated notes

Levels and vault maps discovered:
D:1:      nzn_arrival_water_spiral, layout_loops_ring
D:2:      layout_basic, uniq_terence
D:3:      layout_basic, lemuel_tele_altar, mainiacjoe_overflow_small_starburst,
          dreamdust_ecumenical_altar_grove, portal_sewer_entry_f,
          small_statue_alley_b, nicolae_shop_vocational

Skill      XL: |  1  2  3  4  5 |
---------------+----------------+-----
Fighting       | 2 |  2.9
Shapeshifting  | 4 |  4.7
Spellcasting   | 1 |  1.8
Unarmed Combat | 4 |  4.2
Dodging        | |  2.0

Action                     |  1- 3 |  4- 6 || total
---------------------------+-------+-------++-------
  Melee: Unarmed           |    26 |       ||    26
         Constrict         |    16 |    35 ||    51
         Tentacles         |    13 |    31 ||    44
         Punch             |     1 |     1 ||     2
         Dagger            |    42 |   124 ||   166
    Use: Potion            |       |     1 ||     1
   Stab: Sleeping          |     8 |     7 ||    15
 Armour: Skin              |     3 |    12 ||    15
  Dodge: Dodged            |    35 |   110 ||   145

Table legend: (Time is in decaauts)
 A = Elapsed time spent in this place.
 B = Non-inter-level travel time spent in this place.
 C = Inter-level travel time spent in this place.
 D = Time resting spent in this place.
 E = Time spent auto-exploring this place.
 F = Levels seen in this place.
 G = Mean time per level.
                   A        B        C        D        E       F      G
               +--------+--------+--------+--------+--------+-----+--------+
         Total |   2692 |   2661 |     31 |     57 |   1934 |   4 |  673.0 |
       Dungeon |   2264 |   2233 |     31 |      0 |   1697 |   3 |  754.7 |
         Sewer |    427 |    427 |      0 |     57 |    237 |   1 |  427.0 |
               +--------+--------+--------+--------+--------+-----+--------+

Top non-repeatable levels by time:
     D:1: 848 daAuts
     D:2: 840 daAuts
     D:3: 575 daAuts
   Sewer: 427 daAuts
